 Dungeon Crawl Stone Soup version 0.22.1-5-g62c59d9 (webtiles) character file.

80 Kairos the Shield-Bearer (level 4, 24/24 HPs)
             Began as a Vine Stalker Fighter on Jan 9, 2019.
             Quit the game on level 2 of the Dungeon.
             The game lasted 00:03:16 (1747 turns).

Kairos the Shield-Bearer (Vine Stalker Fighter)     Turns: 1747, Time: 00:03:17

Health: 24/24      AC:  6    Str: 19    XL:     4   Next: 39%
Magic:  5/5        EV:  7    Int:  8    God:
Gold:   147        SH:  9    Dex: 14    Spells: 3/3 levels left

rFire    + . .     SeeInvis .   a - +1 war axe
rCold    x . .     Gourm    .   c - +0 shield
rNeg     . . .     Faith    .   b - +0 scale mail
rPois    .         Spirit   +   (no helmet)
rElec    .         Reflect  .   (no cloak)
rCorr    .         Harm     .   (no gloves)
MR       .....                  (no boots)
Stlth    ..........             (no amulet)
HPRegen  0.48/turn              j - ring of fire
MPRegen  0.09/turn              (no ring)

@: no status effects
A: fangs 2, regeneration 1, magic shield, antimagic bite, no potion heal 3, rot
immunity
a: no special abilities


You were on level 2 of the Dungeon.
You were hungry.

You visited 1 branch of the dungeon, and saw 2 of its levels.

You collected 147 gold pieces.

Inventory:

Hand Weapons
 a - a +1 war axe (weapon)
Armour
 b - a +0 scale mail (worn)
 c - a +0 shield (worn)
Jewellery
 j - a ring of fire (left hand)
Scrolls
 h - a scroll of random uselessness {unknown}
 i - a scroll of identify {unknown}
Potions
 d - a potion of might
 e - 2 potions of mutation {unknown}
 g - 2 potions of lignification {unknown}
Comestibles
 f - 5 rations


   Skills:
 + Level 3.0 Fighting
 + Level 2.4 Axes
 + Level 3.1 Armour
 + Level 0.3 Dodging
 + Level 3.3 Shields


You had 3 spell levels left.
You didn't know any spells.
Your spell library was empty.

Dungeon Overview and Level Annotations

Branches:
Dungeon (2/15)

Altars:


Innate Abilities, Weirdness & Mutations

You have extremely sharp teeth.
Your natural rate of healing is unusually fast.
When hurt, damage is shared between your health and your magic reserves.
Your bite disrupts and absorbs the magic of your enemies.
Potions cannot restore your health.
You are immune to rotting.


Message History

j - a knobbly cabochon ring As you open the door, it creaks loudly!
There is an open door here.
You open the door.
There is an open door here.
There is an open door here.
You are feeling hungry.
You see here a stone.
You now have 147 gold pieces (gained 10).
You see here a hand axe.
Done exploring.
You feel more attuned to fire.
j - a ring of fire (left hand) Done exploring.
Done exploring.
Done exploring.
No target in view!
No target in view!
No target in view!
Are you sure you want to abandon this character and quit the game? (Confirm

...#..###.#..........#....#
........#.#.#........#.####
#####.#.#.#.#.########.#
#...#.#.#..........#
##..#.#.############
####..#.#.# #........#
#.......#.###.######.#
#.......#.....######.#
#.......###)..@......#
#####...# #.##########
#...# #.# #...# #.# #..>#
#.# #.### #.# #.#####.#
#.#..)..# #.#.#####


There were no monsters in sight!

Vanquished Creatures
  2 adders (D:2)
  An ooze (D:2)
  2 dart slugs
  2 leopard geckos (D:2)
  2 bats (D:2)
  4 giant cockroaches
  5 goblins
  7 hobgoblins
  5 jackals
  6 kobolds
  2 ball pythons (D:2)
  A frilled lizard (D:2)
  10 rats
49 creatures vanquished.

Notes
Turn   | Place    | Note
-------+----------+-------------------------------------------
     0 | D:1      | Kairos the Vine Stalker Fighter began the quest for the
                  | Orb.
     0 | D:1      | Reached XP level 1. HP: 11/11 MP: 2/2
   160 | D:1      | Reached XP level 2. HP: 16/16 MP: 3/3
   942 | D:2      | Reached XP level 3. HP: 12/19 MP: 2/4
  1023 | D:2      | Found a faded altar of an unknown god.
  1403 | D:2      | Gained mutation: Your natural rate of healing is unusually
                  | fast. [Vine Stalker growth]
  1403 | D:2      | Reached XP level 4. HP: 24/24 MP: 5/5
  1747 | D:2      | Quit the game

Skill      XL: |  1  2  3  4 |
---------------+-------------+-----
Axes           | 2 |  2.4
Shields        | 3 |  3.3
Fighting       | 3 |  3.0
Armour         | 3 |  3.1
Dodging        | |  0.3

Action                   |  1- 3 |  4- 6 || total
-------------------------+-------+-------++-------
Melee: War axe           |    91 |    30 ||   121
       Bite              |    16 |     5 ||    21
  Use: Scroll            |     1 |       ||     1
  Eat: Chunk             |     2 |       ||     2
Armor: Scale mail        |    39 |    16 ||    55
Dodge: Dodged            |    27 |     9 ||    36
Block: Shield            |    34 |    18 ||    52
